 Dungeon Crawl Stone Soup version 0.29.1-1-gd02db6906a (webtiles) character file.

Game seed: 1705854233984187604

177 GeoRichter the Slasher (level 5, 0/39 HPs)
             Began as a Merfolk Gladiator on Oct 18, 2022.
             Was an Initiate of Gozag.
             Slain by a goblin
             ... wielding a +0 dagger of venom
             ... led by Robin
              (3 damage)
             ... on level 4 of the Dungeon.
             The game lasted 00:03:20 (2096 turns).

GeoRichter the Slasher (Merfolk Gladiator)          Turns: 2096, Time: 00:03:20

Health: 0/39       AC:  4    Str: 14    XL:     5   Next: 57%
Magic:  5/5        EV: 13    Int:  7    God:    Gozag
Gold:   17         SH:  0    Dex: 18    Spells: 4/4 levels left

rFire   . . .      SeeInvis .   a - +0 long sword
rCold   . . .      Faith    .   (no shield)
rNeg    . . .      Spirit   .   b - +0 leather armour
rPois   .          Reflect  .   c - +0 helmet
rElec   .          Harm     .   (no cloak)
rCorr   .          Rampage  .   (no gloves)
Will    .....                   (no boots)
Stlth   +.........              (no amulet)
HPRegen 0.13/turn               (no ring)
MPRegen 0.09/turn               (no ring)

@: gold aura
A: (nimble swimmer 2), mertail
a: Renounce Religion, Potion Petition, Call Merchant, Bribe Branch


You were on level 4 of the Dungeon.
You worshipped Gozag.
Gozag was noncommittal.
You visited 2 branches of the dungeon, and saw 4 of its levels.

You collected 68 gold pieces.
You paid 51 gold pieces to Gozag.

Inventory:

Hand Weapons
 a - a +0 long sword (weapon)
Missiles
 d - 3 throwing nets {!f}
 e - a javelin (quivered)
Armour
 b - a +0 leather armour (worn)
 c - a +0 helmet (worn)
Jewellery
 m - a ring of see invisible
   (You found it on level 1 of the Dungeon)
 s - an amulet of the acrobat
   (You found it on level 4 of the Dungeon)
Scrolls
 f - a scroll of amnesia {unknown}
 h - a scroll of fear {unknown}
 i - a scroll of poison {unknown}
 k - a scroll of fog {unknown}
 o - a scroll of noise {unknown}
 p - 3 scrolls of identify {unknown}
Potions
 g - 2 potions of degeneration {unknown}
 j - a potion of curing {unknown}
 l - a potion of berserk rage {unknown}
 n - a potion of might {unknown}
 q - a potion of haste {@q3}
 r - a potion of resistance {unknown}


   Skills:
 + Level 2.3 Fighting
 * Level 7.3 Long Blades
 - Level 2.0 Throwing
 - Level 4.0 Dodging


You had 4 spell levels left.
You didn't know any spells.
Your spell library was empty.

Dungeon Overview and Level Annotations

Branches:
Dungeon (4/15) Zot: 16085  Temple (1/1) D:4 Zot: 5820

Altars:
Dithmenos
Fedhas
Gozag
Hepliaklqana
Kikubaaqudgha
Trog


Innate Abilities, Weirdness & Mutations

((You are very nimble when in or above water. (Stealth+, EV+, Speed+++)))
Your lower body shifts to a powerful aquatic tail in water.


Message History

You kill the goblin!
The goblin barely misses you. Robin misses you. The hobgoblin hits you.
The goblin hits you but does no damage.
A goblin comes into view. It is wielding a +0 club.
The goblin shouts!
You hit the hobgoblin.
Robin roars a battlecry!
The goblins go into a battle-frenzy!
The hobgoblin misses you. The goblin hits you with a +0 dagger.
You barely miss Robin.
Robin roars a battlecry!
The hobgoblin closely misses you. The goblin closely misses you.
You slash the hobgoblin!
You kill the hobgoblin!
Robin barely misses you.
A goblin comes into view. It is wielding a +0 dagger of venom.
The goblin hits you but does no damage.
You hit Robin.
Robin is distracted by your dazzling golden aura.
The goblin barely misses you. The goblin hits you with a +0 dagger.
You slash Robin!
Robin is no longer distracted by gold.
Robin hits you but does no damage.
The goblin hits you with a +0 dagger of venom.
* * * LOW HITPOINT WARNING * * *
You are poisoned.
The goblin closely misses you.
You hit Robin.
You kill Robin!
You feel very sick. The goblin hits you but does no damage.
The goblin misses you.
You hit the goblin but do no damage.
You feel sick. The goblin barely misses you.
The goblin hits you with a +0 dagger of venom.
* * * LOW HITPOINT WARNING * * *
You hit the goblin.
You feel sick. The goblin closely misses you.
You slash the goblin!
You kill the goblin!
You feel sick. The goblin misses you.
You feel sick.
Things that are here:
5 gold pieces; a +0 dagger You miss the goblin.
You feel sick. The goblin misses you.
You feel sick.
You barely miss the goblin.
You feel sick. The goblin misses you.
You closely miss the goblin.
You feel sick.
You are no longer poisoned.
The goblin no longer looks unusually strong.
The goblin hits you with a +0 dagger of venom.
You die...
Your body crumbles into a pile of gold.

.## .... ...# ## #...
#.gg##. #..# #......####
..# #$?gg....####.#
#.###..#...#..#
##........##.
######$............
#..@gg$........####
......###$.#############
##### ##.###...........
#..#.....#..#..#.
##.#...#..........
#....#............
####...####..........
#.....## ##..#..#..#.
##..#### #...........


You could see 2 goblins.

Vanquished Creatures
  A scorpion (D:4)
  An iguana (D:4)
  Natasha (D:2)
  Robin (D:4)
  A gnoll (D:1)
  An adder (D:4)
  A dart slug (D:4)
  An orc (D:4)
  2 ball pythons
  An endoplasm (D:1)
  2 giant cockroaches (D:1)
  9 goblins
  3 hobgoblins
  2 jackals (D:1)
  2 quokkas (D:1)
  A bat (D:1)
  4 kobolds (D:1)
  3 rats
37 creatures vanquished.

Notes
Turn   | Place    | Note
-------+----------+-------------------------------------------
     0 | D:1      | GeoRichter the Merfolk Gladiator began the quest for the
                  | Orb.
     0 | D:1      | Reached XP level 1. HP: 16/16 MP: 1/1
   113 | D:1      | Reached skill level 4 in Long Blades
   113 | D:1      | Reached XP level 2. HP: 22/22 MP: 2/2
   282 | D:1      | Reached XP level 3. HP: 27/27 MP: 3/3
   368 | D:1      | Reached skill level 5 in Long Blades
  1159 | D:2      | Noticed Natasha
  1167 | D:2      | Killed Natasha
  1226 | D:2      | Reached XP level 4. HP: 33/33 MP: 4/4
  1235 | D:2      | You fall into a shaft and drop 2 floors!
  1287 | D:4      | Reached skill level 6 in Long Blades
  1382 | D:4      | Found a staircase to the Ecumenical Temple.
  1396 | Temple   | Entered the Ecumenical Temple
  1553 | D:4      | Noticed a scorpion
  1575 | D:4      | Killed a scorpion
  1576 | D:4      | Reached XP level 5. HP: 10/38 MP: 5/5
  1885 | D:4      | Reached skill level 7 in Long Blades
  2004 | Temple   | Became a worshipper of Gozag Ym Sagoz the Greedy
  2080 | D:4      | Noticed Robin
  2088 | D:4      | Killed Robin
  2096 | D:4      | Slain by a goblin

Illustrated notes

Levels and vault maps discovered:
D:1:      elethiomel_arrival_infinity_welcomes_careful_drivers, layout_basic,
          fountainhead, st_stairs_1, minmay_misc_feat_ornament
D:2:      layout_rooms, pf_guarded_unrand_woodcutter, uniq_natasha,
          uniq_sigmund, uniq_terence
D:4:      layout_rooms, temple_hall, uniq_robin
Temple:   nicolae_temple_superstar

Skill      XL: |  1  2  3  4  5 |
---------------+----------------+-----
Long Blades    | 4 5 6 7 |  7.3
Fighting       | |  2.3
Throwing       | |  2.0
Dodging        | |  4.0

Action                   |  1- 3 |  4- 6 || total
-------------------------+-------+-------++-------
Melee: Long sword        |    56 |    54 ||   110
       Unarmed           |     3 |       ||     3
Throw: Javelin           |       |     1 ||     1
  Use: Potion            |       |     1 ||     1
Armor: Leather armour    |    14 |    14 ||    28
Dodge: Dodged            |    42 |    35 ||    77
